Map: Acropolis EC

Players

RavenStroke - Winner!

  • Race: Terran Terran
  • League: Gold
  • Spawn Location: 5:00

IA (moyenne)

  • Race: Zerg Zerg
  • Spawn Location: 11:00

VOD

Have the link to the VOD?

Description

Time

  • Played on: July 26, 2019, 5:38 a.m.
  • Length: 8:08
Show
View Real Time Build Order
Export as new Build Order

RavenStroke Terran - Winner!

Build Orders:  

Get SALT Encoding   

  12  0:00  SCV  
  13  0:16  Supply Depot  
  13  0:17  SCV  
  14  0:29  SCV  
  15  0:39  Barracks  
  15  0:41  SCV  
  16  0:51  Refinery  
  16  0:53  SCV  
  17  1:05  SCV  
  18  1:25  Barracks x2  
  18  1:27  Refinery  
  18  1:30  Marine  
  19  1:38  Orbital Command  
  19  1:55  Barracks Tech Lab  
  19  2:04  SCV  
  20  2:11  Factory  
  20  2:18  Marine  
  20  2:20  Barracks Tech Lab  
  20  2:21  Barracks Reactor  
  21  2:37  Supply Depot, SCV  
  22  2:49  SCV  
  23  2:51  Stimpack  
  23  2:52  Barracks Reactor  
  23  3:01  SCV  
  24  3:09  Barracks Reactor  
  24  3:16  Siege Tank  
  27  3:23  Marine  
  28  3:27  SCV  
  28  3:30  Marine  
  28  3:31  Marine  
  31  3:39  Supply Depot  
  31  3:41  Supply Depot  
  31  3:51  Starport  
  31  4:00  Marine x3, SCV  
  31  4:01  Siege Tank  
  38  4:05  Barracks Reactor  
  38  4:18  Marine x2  
  38  4:20  SCV  
  41  4:25  Supply Depot  
  41  4:31  Liberator  
  41  4:35  Medivac  
  46  4:56  Supply Depot  
  46  5:05  Marine  
  46  5:06  Marine x4  
  51  5:13  SCV  
  52  5:22  Medivac  
  52  5:23  Marine x3  
  52  5:24  Marine x2  
  52  5:25  SCV  
  60  5:37  SCV  
  60  5:41  Marine x2  
  63  5:54  Marine x3, Siege Tank  
  59  5:59  Marine x2  
  55  6:12  Marine x3  
  55  6:17  Marine x2  
  55  6:18  SCV  
  61  6:30  Marine x2  
  63  7:11  Marine  
  63  7:19  Command Center  
  63  7:35  Marine  
  63  7:52  Barracks  
Show
View Real Time Build Order
Export as new Build Order

IA (moyenne) Zerg 

Build Orders: 1 Base Baneling Bust, Pool First 

Get SALT Encoding   

  12  0:00  Drone  
  13  0:12  Overlord  
  13  0:16  Drone  
  14  0:31  Drone  
  14  0:33  Drone  
  16  0:42  Spawning Pool  
  15  0:45  Drone  
  15  0:49  Drone  
  17  0:52  Extractor  
  17  0:56  Drone  
  17  1:06  Overlord  
  17  1:31  Zergling x2, Queen  
  20  1:36  Zergling x2  
  20  1:38  Drone, Roach Warren  
  20  1:39  Extractor  
  20  1:49  Drone  
  21  1:55  Baneling Nest  
  21  2:00  Drone  
  21  2:11  Drone  
  22  2:21  Zergling x2  
  23  2:32  Zergling x2  
  24  2:37  Overlord, Zergling x2  
  24  2:42  Zergling x2  
  26  2:47  Zergling x2  
  27  2:52  Baneling x2  
  27  2:53  Baneling  
  27  2:54  Zergling x2  
  28  3:05  Zergling x2  
  29  3:10  Overlord, Zergling x2  
  30  3:15  Zergling x2  
  31  3:20  Baneling x3, Zergling x2  
  32  3:29  Zergling x2  
  32  3:32  Evolution Chamber  
  32  3:40  Drone  
  33  3:42  Drone  
  33  3:45  Drone  
  36  3:48  Drone  
  36  3:53  Drone  
  37  4:03  Drone  
  38  4:12  Zergling x2  
  38  4:13  Drone  
  39  5:51  Zergling x2  
  39  5:56  Zergling x2  
  34  6:01  Zergling x2  
  34  6:03  Drone, Overlord, Lair  
  36  6:05  Spore Crawler  
  36  6:06  Drone  
  36  6:07  Spore Crawler  
  36  6:09  Drone  
  36  6:11  Zergling x2  
  37  6:12  Drone  
  37  6:15  Drone  
  36  6:20  Baneling  
  36  6:21  Baneling x3  
  36  6:22  Drone  
  33  6:32  Zergling x2  
  29  6:41  Hatchery  
  29  6:42  Zergling x2  
  27  7:00  Roach, Queen  
  30  7:02  Overseer, Spire  
  30  7:04  Hydralisk Den  
  30  7:06  Overseer  
  29  7:13  Drone  
  12  7:56  Drone  
Tags
 
Add a new tag
Caveats
  • Supply blocks, unpowered buildings, or Contaminate may cause inaccurate times.
  • Supply counts are checked every 10 seconds.